 Dungeon Crawl Stone Soup version 0.28-a0-464-g0687ed57fd (webtiles) character file.

Game seed: 15855478846004332772

1901 Aggronaut the Cleaver (level 8, -7/73 HPs)
             Began as a Minotaur Berserker on Sept 14, 2021.
             Was an Elder of Trog.
             Engulfed by a steam dragon's steam (8 damage)
             ... on level 5 of the Dungeon.
             The game lasted 00:10:53 (5942 turns).

Aggronaut the Cleaver (Minotaur Berserker)          Turns: 5942, Time: 00:10:53

Health: -7/73      AC:  7    Str: 23    XL:     8   Next: 94%
Magic:  7/7        EV: 11    Int:  4    God:    Trog [****..]
Gold:   369        SH:  0    Dex: 11    Spells: 7/7 levels left

rFire   . . .      SeeInvis +   e - +2 war axe (freeze)
rCold   . . .      Faith    .   (no shield)
rNeg    . . .      Spirit   .   x - +0 ring mail
rPois   .          Reflect  .   (helmet restricted)
rElec   .          Harm     .   r - +0 cloak
rCorr   .          Rampage  .   h - +0 pair of gloves
Will    .....                   (no boots)
Stlth   +.........              (no amulet)
HPRegen 0.22/turn               w - ring of see invisible
MPRegen 0.10/turn               (no ring)

@: hasted, very quick
A: horns 2, retaliatory headbutt
a: Renounce Religion, Berserk, Trog's Hand, Brothers in Arms


You were on level 5 of the Dungeon.
You worshipped Trog.
Trog was greatly pleased with you.
You visited 1 branch of the dungeon, and saw 5 of its levels.
You also visited: Sewer.

You collected 369 gold pieces.

Inventory:

Hand Weapons
 e - a +2 war axe of freezing (weapon)
 l - a +1 hand axe of flaming
 q - the +9 mace "Rehailih" {drain, *Rage}
   (You found it on level 5 of the Dungeon)

   A truly terrible weapon, it drains the life of any living foe it strikes.
   *Rage:     It lets you go berserk by making a melee attack (+20% chance).
Missiles
 p - 39 poisoned darts (quivered)
Armour
 h - a +0 pair of gloves (worn)
 r - a +0 cloak (worn)
 x - a +0 ring mail (worn)
Jewellery
 t - a ring of magical power
 w - a ring of see invisible (left hand)
Wands
 n - a wand of flame (24)
Scrolls
 c - a scroll of fog {unknown}
 f - 3 scrolls of teleportation
 g - a scroll of blinking {unknown}
 i - a scroll of fear {unknown}
 j - a scroll of amnesia {unknown}
 k - a scroll of brand weapon {unknown}
 s - 2 scrolls of enchant armour {unknown}
Potions
 b - a potion of heal wounds {unknown}
 d - 3 potions of lignification
 m - 5 potions of flight
 o - a potion of mutation


   Skills:
 + Level 7.1 Fighting
 * Level 12.5 Axes
 - Level 2.4 Armour
 - Level 2.2 Dodging


You had 7 spell levels left.
You didn't know any spells.
Your spell library contained the following spells:

 Spells                   Type           Power      Damage    Failure   Level
 Ensorcelled Hibernation  Hex/Ice        0%         N/A       80%         2
 Static Discharge         Conj/Air       0%         N/A       80%         2
 Spider Form              Tmut/Pois      0%         N/A       95%         3
 Dispel Undead            Necr           0%         3d6       100%        4
 Sticky Flame             Conj/Fire      0%         2d3       100%        4
 Summon Forest            Summ/Tloc      0%         N/A       100%        5
 Summon Mana Viper        Hex/Summ       0%         N/A       100%        5
 Summon Cactus Giant      Summ           0%         N/A       100%        6


Dungeon Overview and Level Annotations

Branches:
Dungeon (5/15)             Temple (0/1) D:5           Sewer (visited)

Altars:
Cheibriados
Elyvilon
Fedhas
Nemelex Xobeh
Sif Muna
Trog
Uskayaw


Innate Abilities, Weirdness & Mutations

You have a pair of horns on your head.
You reflexively headbutt those who attack you in melee.


Message History

a +2 quarterstaff of chaos; a +0 cloak You see here a +0 mace.
Magic restored.
There is an open translucent door here.
Things that are here:
a +2 quarterstaff of chaos; a +0 cloak You see here a +0 mace.
You see here a +0 mace of holy wrath.
You see here a +0 mace.
You see here a +1 mace of protection.
You see here a +0 mace.
p - 39 poisoned darts (gained 15)
Found a staircase to the Ecumenical Temple.
You now have 369 gold pieces (gained 9).
t - a ring of magical power
There is a fountain of clear blue water here. 2 steam dragons come into view.
The steam dragon hisses angrily. x2
The steam dragon moves out of view.
A steam dragon is nearby!
The steam dragon breathes steam at you. The ball of steam hits you!
You enter the shallow water.
Moving in this stuff is going to be slow.
You are engulfed in a cloud of scalding steam.
The fungus is engulfed in a cloud of scalding steam.
The fungus begins to die.
The steam dragon bites you! The steam dragon claws you.
You are engulfed in a cloud of scalding steam.
The fungus is engulfed in a cloud of scalding steam.
You are engulfed in a cloud of scalding steam.
* * * LOW HITPOINT WARNING * * *
The steam dragon breathes steam at you. The ball of steam hits you!
* * * LOW HITPOINT WARNING * * *
Okay, then.
Okay, then.
You feel yourself speed up.
You are engulfed in a cloud of scalding steam.
You die...

#.###. #. ###
###≈P###
#######≈.≈§P≈#
#.P≈≈≈.≈P...^#
.........§§..P
...P.PPP^....^
#####DD§§.≈.
###
#§§@§#§§≈..#
#.#
#.§####.≈P##
### #.# #....#
#### ..# #.#
#..#.## #.#
#.# ###...#
#.# #.# #.⌠.#
#.# #.#
####...####
#.# #.#
#.........##
#.######.#
#.⌠..>..⌠..#


You could see 2 steam dragons.

Vanquished Creatures
  Pikel (D:4)
  Sigmund (D:5)
  A necrophage (D:4)
  4 ogres
  A scorpion (D:4)
  A bullfrog skeleton (D:4)
  A hound (D:5)
  A gnoll shaman (D:5)
  2 orc priests (D:3)
  Crazy Yiuf (D:5)
  Jessica (D:3)
  3 iguanas (D:4)
  A merfolk siren (Sewer)
  2 orc wizards
  A merfolk avatar (Sewer)
  Natasha (thrice) (D:4)
  Robin (D:2)
  5 adders
  12 gnolls
  3 river rats (Sewer)
  2 worms
  A dart slug (D:5)
  19 orcs
  8 endoplasms
  8 giant cockroaches
  12 goblins
  6 hobgoblins
  4 jackals (D:1)
  12 quokkas
  12 ball pythons
  5 bats
  6 frilled lizards
  9 kobolds
  25 rats
175 creatures vanquished.

Vanquished Creatures (others)
  9 fungi (D:4)
  A plant (D:4)
10 creatures vanquished.

Grand Total: 185 creatures vanquished

Notes
Turn   | Place    | Note
-------+----------+-------------------------------------------
     0 | D:1      | Aggronaut the Minotaur Berserker began the quest for the
                  | Orb.
     0 | D:1      | Reached XP level 1. HP: 19/19 MP: 0/0
    85 | D:1      | Reached skill level 4 in Axes
   285 | D:1      | Reached XP level 2. HP: 26/26 MP: 1/1
   408 | D:1      | Found a faded altar of an unknown god.
   592 | D:1      | Reached skill level 5 in Axes
   742 | D:1      | Reached XP level 3. HP: 31/31 MP: 2/2
   778 | D:1      | Reached ** piety under Trog
   886 | D:2      | Noticed Robin
   922 | D:2      | Killed Robin
  1191 | D:2      | Reached XP level 4. HP: 34/39 MP: 3/3
  1312 | D:2      | Reached skill level 6 in Axes
  1651 | D:3      | Found a glowing drain.
  1660 | D:3      | Reached *** piety under Trog
  1666 | Sewer    | Entered a sewer
  1715 | Sewer    | Reached XP level 5. HP: 44/45 MP: 4/4
  1755 | Sewer    | Reached skill level 7 in Axes
  2119 | Sewer    | Reached **** piety under Trog
  2120 | Sewer    | Reached skill level 8 in Axes
  2338 | D:3      | Noticed Jessica
  2347 | D:3      | Killed Jessica
  2348 | D:3      | Reached XP level 6. HP: 30/51 MP: 5/5
  2685 | D:3      | Found a hide-covered altar of Uskayaw.
  2904 | D:3      | Found a shimmering blue altar of Sif Muna.
  2965 | D:3      | Found a bloodstained altar of Trog.
  3243 | D:4      | Noticed Natasha
  3252 | D:4      | Killed Natasha
  3369 | D:4      | Reached skill level 9 in Axes
  3623 | D:4      | Reached XP level 7. HP: 18/57 MP: 6/6
  3848 | D:4      | Found a blossoming altar of Fedhas.
  3916 | D:4      | Found a white marble altar of Elyvilon.
  4012 | D:4      | Noticed Natasha
  4028 | D:4      | Killed Natasha
  4029 | D:4      | Reached skill level 10 in Axes
  4332 | D:4      | Noticed Pikel
  4340 | D:4      | Killed Pikel
  4341 | D:4      | Reached skill level 5 in Fighting
  4341 | D:4      | Reached skill level 11 in Axes
  4341 | D:4      | Reached XP level 8. HP: 69/69 MP: 7/7
  4368 | D:4      | Noticed Natasha
  4373 | D:4      | Killed Natasha
  4967 | D:5      | Entered Level 5 of the Dungeon
  4988 | D:5      | Found a snail-covered altar of Cheibriados.
  5003 | D:5      | Noticed Sigmund
  5018 | D:5      | Killed Sigmund
  5019 | D:5      | Reached skill level 12 in Axes
  5408 | D:5      | Found a sparkling altar of Nemelex Xobeh.
  5793 | D:5      | Identified the +9 mace "Rehailih" {drain, *Rage}
  5796 | D:5      | Found a runed translucent door.
  5797 | D:5      | Noticed Crazy Yiuf
  5802 | D:5      | Killed Crazy Yiuf
  5915 | D:5      | Found a staircase to the Ecumenical Temple.
  5941 | D:5      | HP: 1/73 [steam dragon/ball of steam (17)]
  5942 | D:5      | Engulfed by a steam dragon's steam

Illustrated notes

Levels and vault maps discovered:
D:1:      matt_arrival_grand_opening, layout_basic,
          dreamdust_ecumenical_altar_statues, minmay_pentomino_x2
D:2:      layout_rooms, uniq_robin
D:3:      layout_loops_ring, nicolae_sif_muna_little_library,
          lightli_temple_of_fire, lemuel_round_altar, gup_sewer_entry_pipe,
          corexii_leaking_fountain, kennysheep_jessica_study
D:4:      layout_loops_cross, fedhas_altar_3, nicolae_elyvilon_peaceful_grove,
          uniq_pikel, uniq_natasha
D:5:      kennysheep_steamy, layout_loops_ring,
          mainiacjoe_overflow_small_starburst, mainiacjoe_overflow_swirl,
          minmay_temple_entry_junction, uniq_crazy_yiuf_cottage, uniq_sigmund

Skill      XL: |  1  2  3  4  5  6  7  8 |
---------------+-------------------------+-----
Axes           | 4 5 6 8 9 11 12 | 12.5
Fighting       | 5 7 |  7.1
Armour         | |  2.4
Dodging        | |  2.2

Action                   |  1- 3 |  4- 6 |  7- 9 || total
-------------------------+-------+-------+-------++-------
Melee: War axe           |    64 |   140 |    99 ||   303
       Headbutt          |     4 |    13 |    11 ||    28
Invok: Berserk           |     1 |       |     2 ||     3
       Trog's Hand       |       |       |     2 ||     2
  Use: Scroll            |       |       |     3 ||     3
       Potion            |       |       |     3 ||     3
Armor: Animal skin       |     9 |    28 |     9 ||    46
       Ring mail         |       |       |    11 ||    11
Dodge: Dodged            |    48 |    89 |    62 ||   199

Table legend: (Time is in decaauts)
 A = Elapsed time spent in this place.
 B = Non-inter-level travel time spent in this place.
 C = Inter-level travel time spent in this place.
 D = Time resting spent in this place.
 E = Time spent auto-exploring this place.
 F = Levels seen in this place.
 G = Mean time per level.
                   A        B        C        D        E       F      G
               +--------+--------+--------+--------+--------+-----+--------+
         Total |   6048 |   5972 |     76 |   2136 |   2580 |   6 | 1008.0 |
       Dungeon |   5439 |   5363 |     76 |   1830 |   2525 |   5 | 1087.8 |
         Sewer |    608 |    608 |      0 |    306 |     55 |   1 |  608.0 |
               +--------+--------+--------+--------+--------+-----+--------+

Top non-repeatable levels by time:
     D:4: 1865 daAuts
     D:3: 1099 daAuts
     D:5: 976 daAuts
     D:1: 802 daAuts
     D:2: 695 daAuts
   Sewer: 608 daAuts
